 Dungeon Crawl Stone Soup version 0.30-a0-476-g330ca2eb8e (webtiles) character file.

Game seed: 15745266346572775089

384 bmack86 the Chopper (level 6, -1/56 HPs)
             Began as a Minotaur Fighter on Dec 22, 2022.
             Slain by a gnoll
             ... wielding a +0 spear
             ... led by a gnoll sergeant
              (3 damage)
             ... on level 4 of the Dungeon.
             The game lasted 00:10:40 (3490 turns).

bmack86 the Chopper (Minotaur Fighter)              Turns: 3490, Time: 00:10:41

Health: -1/56      AC: 12    Str: 22    XL:     6   Next: 47%
Magic:  5/5        EV:  6    Int:  5    God:
Gold:   217        SH:  6    Dex: 10    Spells: 5/5 levels left

rFire   + . .      SeeInvis .    a - +0 war axe
rCold   + . .      Faith    .    c - +1 buckler
rNeg    . . .      Spirit   .    l - +0 plate armour
rPois   .          Reflect  .    (helmet restricted)
rElec   .          Harm     .    k - scarf {rC+ rF+}
rCorr   .          Rampage  .    (no gloves)
Will    .....                    (no boots)
Stlth   ..........               (no amulet)
HPRegen 0.29/turn                (no ring)
MPRegen 0.09/turn                (no ring)

@: no status effects
A: horns 2, retaliatory headbutt
a: no special abilities


You were on level 4 of the Dungeon.
You visited 2 branches of the dungeon, and saw 5 of its levels.

You collected 217 gold pieces.

Inventory:

Hand Weapons
 a - a +0 war axe (weapon)
Missiles
 g - 2 javelins (quivered)
Armour
 c - a +1 buckler (worn)
 k - a scarf of resistance (worn)
 l - a +0 plate armour (worn)
Scrolls
 b - a scroll of enchant weapon {unknown}
 j - a scroll of fog
Potions
 d - a potion of might
 f - a potion of flight
 h - a potion of invisibility
 i - a potion of attraction
 m - a potion of lignification {unknown}
 n - a potion of mutation {unknown}


   Skills:
 + Level 5.0 Fighting
 * Level 5.3 Axes
 + Level 1.3 Throwing
 + Level 5.0 Armour
 + Level 5.1 Shields


You had 5 spell levels left.
You didn't know any spells.
Your spell library contained the following spells:

 Spells                   Type           Power      Damage    Failure   Level
 Apportation              Tloc           0%         N/A       100%        1
 Freeze                   Ice            0%         1d3       100%        1
 Frozen Ramparts          Ice            0%         1d1       100%        3
 Hailstorm                Conj/Ice       0%         3d3       100%        3
 Anguish                  Hex/Necr       0%         N/A       100%        4
 Alistair's Intoxication  Tmut/Pois      0%         N/A       100%        5
 Enfeeble                 Hex            0%         N/A       100%        7


Dungeon Overview and Level Annotations

Branches:
Dungeon (4/15)             Temple (1/1) D:4

Altars:
Ashenzari
Cheibriados
Dithmenos
Fedhas
Hepliaklqana
Makhleb
Qazlal
Ru
Sif Muna
Trog
Uskayaw
Vehumet
Yredelemnul
Zin
The Shining One

Shops:
D:4 =


Innate Abilities, Weirdness & Mutations

You have a pair of horns on your head.
You reflexively headbutt those who attack you in melee.


Message History

The gnoll hits you but does no damage.
The gnoll sergeant hits you with a +0 spear.
You block the gnoll's attack. x3
The gnoll hits you from afar with a +0 halberd!
* * * LOW HITPOINT WARNING * * *
You block the gnoll sergeant's attack. The gnoll attacks as you move away!
You block the gnoll's attack. The gnoll hits you but does no damage.
The gnoll sergeant barely misses you.
The gnoll hits you but does no damage. x2
Things that are here:
a +0 halberd; a black bear corpse You hit the gnoll.
The gnoll is lightly wounded.
You hit the gnoll but do no damage. You closely miss the gnoll.
You barely miss the gnoll. The gnoll hits you but does no damage.
The gnoll hits you with a +0 club.
* * * LOW HITPOINT WARNING * * *
The gnoll barely misses you. You furiously retaliate!
You headbutt the gnoll. You block the gnoll sergeant's attack.
The gnoll hits you with a +0 spear.
* * * LOW HITPOINT WARNING * * *
You slash the gnoll!
The gnoll is severely wounded.
You hit the gnoll but do no damage. You barely miss the gnoll. x2
The gnoll hits you with a +0 whip.
* * * LOW HITPOINT WARNING * * *
The gnoll hits you with a +0 club.
* * * LOW HITPOINT WARNING * * *
The gnoll hits you with a +0 halberd.
* * * LOW HITPOINT WARNING * * *
The gnoll sergeant hits you from afar with a +0 spear.
* * * LOW HITPOINT WARNING * * *
The gnoll hits you with a +0 spear.
* * * LOW HITPOINT WARNING * * *
You slash the gnoll!
You kill the gnoll!
You hit the gnoll. x2; You closely miss the gnoll.
The gnoll hits you but does no damage. You block the gnoll's attack. x2
The gnoll sergeant hits you but does no damage.
The gnoll barely misses you. The gnoll hits you with a +0 spear.
You die...

....... .........
........ .........
........#..........
..................
.....#.#......... ###
.###............... ..
......#g#.#........ #
..#()@g...#......#####
.#...#g>g#...#..#......
....#.......#...........
.##...#.#.#......#.<....
#..............##.....
#....#.#.......)......
#..............##.....
.....#.#........######.
####.#.......<....# #.


You could see a gnoll sergeant and 3 gnolls.

Vanquished Creatures
  A black bear (D:4)
  An iguana (D:4)
  Natasha (thrice) (D:3)
  Robin (D:2)
  2 gnolls (D:4)
  9 adders
  2 dart slugs (D:2)
  2 orcs (D:4)
  5 bats
  7 endoplasms
  7 giant cockroaches
  14 goblins (D:2)
  7 hobgoblins
  5 jackals
  6 kobolds
  A quokka (D:2)
  13 ball pythons
  3 frilled lizards
  3 rats
92 creatures vanquished.

Notes
Turn   | Place    | Note
-------+----------+-------------------------------------------
     0 | D:1      | bmack86 the Minotaur Fighter began the quest for the Orb.
     0 | D:1      | Reached XP level 1. HP: 19/19 MP: 0/0
   254 | D:1      | Reached XP level 2. HP: 27/27 MP: 1/1
   305 | D:1      | Found a faded altar of an unknown god.
   740 | D:2      | Reached XP level 3. HP: 33/33 MP: 2/2
   783 | D:2      | Noticed Robin
   791 | D:2      | Killed Robin
   792 | D:2      | Reached XP level 4. HP: 27/40 MP: 3/3
  1670 | D:2      | Reached XP level 5. HP: 47/47 MP: 4/4
  2116 | D:3      | Noticed Natasha
  2126 | D:3      | Killed Natasha
  2146 | D:3      | Noticed Natasha
  2155 | D:3      | Killed Natasha
  2484 | D:3      | Noticed Natasha
  2492 | D:3      | Killed Natasha
  3185 | D:4      | Found Sater's Jewellery Boutique.
  3206 | D:4      | Found a staircase to the Ecumenical Temple.
  3208 | D:4      | Noticed a black bear
  3212 | Temple   | Entered the Ecumenical Temple
  3466 | D:4      | Identified the ring of Yqunkero {rF++ rC+ rCorr}
  3470 | D:4      | Killed a black bear
  3471 | D:4      | Reached skill level 5 in Axes
  3471 | D:4      | Reached skill level 1 in Throwing
  3471 | D:4      | Reached skill level 5 in Shields
  3471 | D:4      | Reached XP level 6. HP: 35/55 MP: 5/5
  3475 | D:4      | Reached skill level 5 in Fighting
  3475 | D:4      | Reached skill level 5 in Armour
  3489 | D:4      | HP: 2/56 [gnoll/+0 spear[a gnoll sergeant] (1)]
  3490 | D:4      | Slain by a gnoll

Illustrated notes

Levels and vault maps discovered:
D:1:      dpeg_arrival_leaves_temple_mockup, layout_loops_ring,
          ebering_ecumenical_altar_sacrificial
D:2:      kennysheep_six_static_rooms, layout_loops_ring, minmay_snake_closets,
          uniq_robin
D:3:      layout_basic, nicolae_overflow_hidden_temple, grunt_ministairs_5,
          uniq_natasha
D:4:      layout_basic, mainiacjoe_overflow_brackets,
          minmay_temple_entry_sparse_star, serial_co_window_serial,
          co_window_corner_a, co_window_paths_a, co_window_paths_b,
          co_window_paths_b, co_window_paths_a, co_window_corner_a,
          co_window_paths_b, co_window_cross_1, co_window_corner_a,
          co_window_corner_b, co_window_unsneaky_path_b, co_window_corner_b,
          co_window_unsneaky_path_a, co_window_corner_b,
          co_window_of_opportunity_c, glass_columns_b, glass_columns_b,
          glass_columns_a, glass_columns_a, serial_shops, nicolae_stop_n_shop_1
Temple:   regret_index_temple_generic_petals

Skill      XL: |  1  2  3  4  5  6 |
---------------+-------------------+-----
Fighting       | 4 5 |  5.0
Axes           | 3 4 5 |  5.3
Armour         | 4 5 |  5.0
Shields        | 4 5 |  5.1
Throwing       | 1 |  1.3

Action                   |  1- 3 |  4- 6 || total
-------------------------+-------+-------++-------
Melee: War axe           |    47 |   123 ||   170
       Headbutt          |     5 |    19 ||    24
Throw: Javelin           |       |     3 ||     3
  Use: Scroll            |     2 |     8 ||    10
       Potion            |       |     1 ||     1
Armor: Scale mail        |    24 |    46 ||    70
       Plate armour      |       |    22 ||    22
Dodge: Dodged            |    29 |    67 ||    96
Block: Buckler           |    20 |    44 ||    64

Table legend: (Time is in decaauts)
 A = Elapsed time spent in this place.
 B = Non-inter-level travel time spent in this place.
 C = Inter-level travel time spent in this place.
 D = Time resting spent in this place.
 E = Time spent auto-exploring this place.
 F = Levels seen in this place.
 G = Mean time per level.
                   A        B        C        D        E       F      G
               +--------+--------+--------+--------+--------+-----+--------+
         Total |   3559 |   3411 |    148 |     77 |   2453 |   5 |  711.8 |
       Dungeon |   3305 |   3178 |    127 |     77 |   2280 |   4 |  826.2 |
        Temple |    254 |    233 |     21 |      0 |    173 |   1 |  254.0 |
               +--------+--------+--------+--------+--------+-----+--------+

Top non-repeatable levels by time:
     D:3: 1272 daAuts
     D:2: 1229 daAuts
     D:1: 711 daAuts
  Temple: 254 daAuts
     D:4: 92 daAuts
